 Dungeon Crawl Stone Soup version 0.30-a0-715-gdb4ae3ece1 (webtiles) character file.

Game seed: 2589954120905917263

123 ryw the Trooper (level 5, -1/54 HPs)
             Began as an Ogre Gladiator on Jan 25, 2023.
             Was an Initiate of Gozag.
             Slain by Pargi (7 damage)
             ... on level 3 of the Dungeon.
             The game lasted 00:05:41 (2653 turns).

ryw the Trooper (Ogre Gladiator)                    Turns: 2653, Time: 00:05:41

Health: -1/54      AC:  3    Str: 20    XL:     5   Next: 7%
Magic:  5/5        EV: 10    Int:  9    God:    Gozag
Gold:   114        SH:  0    Dex: 10    Spells: 4/4 levels left

rFire   . . .      SeeInvis .    a - +0 flail
rCold   . . .      Faith    .    (no shield)
rNeg    . . .      Spirit   .    b - +0 robe
rPois   .          Reflect  .    c - +0 hat
rElec   .          Harm     .    (no cloak)
rCorr   .          Rampage  .    (gloves unavailable)
Will    .....                    (boots unavailable)
Stlth   +                        (no amulet)
HPRegen 0.29/turn                (no ring)
MPRegen 0.09/turn                (no ring)

@: about to teleport, flying
A: large, unfitting armour, tough skin 1
a: Renounce Religion, Potion Petition, Call Merchant, Bribe Branch


You were on level 3 of the Dungeon.
You worshipped Gozag.
Gozag was aware of your devotion.
You visited 1 branch of the dungeon, and saw 3 of its levels.

You collected 176 gold pieces.
You paid 62 gold pieces to Gozag.

Inventory:

Hand Weapons
 a - a +0 flail (weapon)
Armour
 b - a +0 robe (worn)
 c - a +0 hat (worn)
Potions
 f - a potion of flight
 g - 3 potions of brilliance


   Skills:
 + Level 4.1 Fighting
 + Level 3.4 Maces & Flails
 + Level 3.0 Throwing
 + Level 3.3 Dodging


You had 4 spell levels left.
You didn't know any spells.
Your spell library contained the following spells:

 Spells                   Type           Power      Damage    Failure   Level
 Petrify                  Tmut/Erth      0%         N/A       99%         4
 Metabolic Englaciation   Hex/Ice        0%         N/A       100%        5
 Statue Form              Tmut/Erth      0%         N/A       100%        6


Dungeon Overview and Level Annotations

Branches:
Dungeon (3/15)

Altars:
Dithmenos
Gozag
Nemelex Xobeh

Annotations:
D:3 Pargi


Innate Abilities, Weirdness & Mutations

You are too large for most types of armour.
You have tough skin. (AC +1)


Message History

Unknown command.
Unknown command.
Unknown command.
Throw: 3 throwing nets
Press: ? - help, Q - select action, (/) - cycle Shift-Dir - straight line, f - Pargi
Aim: Pargi (51% to hit)
You throw a throwing net. The throwing net barely misses Pargi.
Pargi bites you. Pargi claws you but does no damage. Pargi closely misses you.
Throw: 2 throwing nets
Press: ? - help, Q - select action, (/) - cycle Shift-Dir - straight line, f/p - Pargi
Aim: Pargi (51% to hit)
You throw a throwing net. The throwing net misses Pargi.
Pargi bites you but does no damage. Pargi claws you. Pargi closely misses you.
Unknown command.
Throw: throwing net
Press: ? - help, Q - select action, (/) - cycle Shift-Dir - straight line, f/p - Pargi
Aim: Pargi (51% to hit)
You throw a throwing net. The throwing net closely misses Pargi.
Pargi bites you. Pargi claws you. Pargi barely misses you.
Throw: large rock
Press: ? - help, Q - select action, (/) - cycle Shift-Dir - straight line, f/p - Pargi
Aim: Pargi (51% to hit)
You throw a large rock. The large rock barely misses Pargi.
Pargi bites you. Pargi claws you but does no damage. Pargi misses you.
You closely miss Pargi.
Pargi looks around nervously.
Pargi bites you. Pargi claws you. x2
* * * LOW HITPOINT WARNING * * *
Pargi bites you.
* * * LOW HITPOINT WARNING * * *
Pargi barely misses you. Pargi closely misses you.
Okay, then.
As you read the scroll of teleportation, it crumbles to dust.
You feel strangely unstable. Pargi bites you but does no damage.
Pargi claws you.
* * * LOW HITPOINT WARNING * * *
Pargi barely misses you. Pargi attacks as you move away! Pargi bites you!
You die...
Your body crumbles into a pile of gold.

#..... .# #..#.# ##
#..#... ##
#..#..#.#.. #..
#.#.## #(. #....##
#..#####....# #
#.b.T.#.....# .###
#.###@#.#...####....#
# #.#.#.....<...#
#...#...#.###..#
##.##..##.# #
#.....##.# ####.###.#
#.# #.# #.# #.# #.#
#.# $


You could see Pargi and a bat.

Vanquished Creatures
  5 gnolls
  An adder (D:2)
  3 worms (D:2)
  An orc (D:2)
  5 ball pythons
  7 endoplasms
  3 giant cockroaches
  2 goblins
  3 hobgoblins
  4 jackals (D:1)
  3 kobolds
  5 quokkas
  4 bats
  3 frilled lizards
  6 rats
55 creatures vanquished.

Vanquished Creatures (others)
  52 plants (D:2)
52 creatures vanquished.

Grand Total: 107 creatures vanquished

Notes
Turn   | Place    | Note
-------+----------+-------------------------------------------
     0 | D:1      | ryw the Ogre Gladiator began the quest for the Orb.
     0 | D:1      | Reached XP level 1. HP: 22/22 MP: 1/1
   111 | D:1      | Reached XP level 2. HP: 7/29 MP: 2/2
   113 | D:1      | Reached skill level 3 in Fighting
   935 | D:2      | Reached XP level 3. HP: 37/37 MP: 3/3
  1220 | D:2      | Found a shadowy altar of Dithmenos.
  1372 | D:2      | Found a sparkling altar of Nemelex Xobeh.
  1390 | D:2      | Reached XP level 4. HP: 26/48 MP: 4/4
  2091 | D:2      | Reached skill level 4 in Fighting
  2114 | D:2      | Reached XP level 5. HP: 39/54 MP: 5/5
  2445 | D:3      | Found an opulent altar of Gozag.
  2450 | D:3      | Became a worshipper of Gozag Ym Sagoz the Greedy
  2507 | D:3      | Noticed Pargi
  2653 | D:3      | Slain by Pargi

Illustrated notes

Levels and vault maps discovered:
D:1:      dpeg_arrival_tiny_i, layout_basic
D:2:      wad_woods_stonehenge, layout_rooms, basic_altar, grunt_ministairs_11
D:3:      layout_loops_ring, marbit_many_paths, nemelex_diamond_rough_becter,
          hangedman_decor_clover_reticule, minmay_fractal_squares_diagonal_5,
          uniq_pargi, uniq_jessica

Skill      XL: |  1  2  3  4 |
---------------+-------------+-----
Fighting       | 3 4 |  4.1
Maces & Flails | 3 |  3.4
Dodging        | 3 |  3.3
Throwing       | 3 |  3.0

Action                     |  1- 3 |  4- 6 || total
---------------------------+-------+-------++-------
  Melee: Flail             |   128 |    56 ||   184
  Throw: Large rock        |       |     3 ||     3
         Throwing net      |       |     3 ||     3
    Use: Scroll            |     2 |     4 ||     6
         Potion            |     3 |     1 ||     4
   Stab: Sleeping          |     1 |       ||     1
 Armour: Robe              |    39 |    38 ||    77
  Dodge: Dodged            |    85 |    46 ||   131

Table legend: (Time is in decaauts)
 A = Elapsed time spent in this place.
 B = Non-inter-level travel time spent in this place.
 C = Inter-level travel time spent in this place.
 D = Time resting spent in this place.
 E = Time spent auto-exploring this place.
 F = Levels seen in this place.
 G = Mean time per level.
                   A        B        C        D        E       F      G
               +--------+--------+--------+--------+--------+-----+--------+
         Total |   2709 |   2469 |    240 |    651 |   1164 |   3 |  903.0 |
       Dungeon |   2709 |   2469 |    240 |    651 |   1164 |   3 |  903.0 |
               +--------+--------+--------+--------+--------+-----+--------+

Top non-repeatable levels by time:
     D:2: 1383 daAuts
     D:1: 1048 daAuts
     D:3: 277 daAuts
